 Dungeon Crawl Stone Soup version 0.29.0-4-gdea44cf6ec (webtiles) character file.

Game seed: 17425268804735175888

1508 qw the Cleaver (level 8, -2/51 HPs)
             Began as a Gargoyle Fighter on Sept 9, 2022.
             Slain by Maggie
             ... wielding a +0 long sword of flaming
              (12 damage)
             ... on level 6 of the Dungeon.
             The game lasted 00:02:09 (5795 turns).

qw the Cleaver (Gargoyle Fighter)                   Turns: 5795, Time: 00:02:10

Health: -2/51      AC: 21    Str: 22    XL:     8   Next: 82%
Magic:  8/8        EV:  7    Int:  9    God:
Gold:   255        SH:  4    Dex:  9    Spells: 7/7 levels left

rFire   . . .      SeeInvis .   Y - +2 war axe (venom)
rCold   . . .      Faith    .   c - +0 buckler
rNeg    + + .      Spirit   .   j - +0 chain mail
rPois   inf        Reflect  .   p - +0 helmet
rElec   +          Harm     .   (no cloak)
rCorr   .          Rampage  .   (no gloves)
Will    .....                   o - +0 pair of boots
Stlth   ..........              (no amulet)
HPRegen 0.17/turn               i - ring of positive energy
MPRegen 0.11/turn               a - +4 ring of protection

@: about to teleport, mesmerised
A: sickness immunity, AC +5, negative energy resistance 1, electricity
resistance, torment resistance 1, petrification resistance
a: no special abilities


You were on level 6 of the Dungeon.
You visited 1 branch of the dungeon, and saw 6 of its levels.
You also visited: Sewer.

You collected 279 gold pieces.
You spent 24 gold pieces at shops.


Innate Abilities, Weirdness & Mutations

You are immune to sickness and miasma.
Your stone body is resilient. (AC +5)
You are immune to poison.
You resist negative energy. (rN+)
You are resistant to electric shocks. (rElec)
You are resistant to unholy torment.
You are immune to petrification.


   Skills:
 - Level 6.1 Fighting
 + Level 8.2 Axes
 - Level 1.6 Throwing
 - Level 4.3 Armour
 - Level 1.2 Dodging
 - Level 3.2 Shields


You had 7 spell levels left.
You didn't know any spells.
Your spell library was empty.

Inventory:

Hand Weapons
 b - a +1 flail of protection
 Y - a +2 war axe of venom (weapon)
Missiles
 h - 5 boomerangs (quivered)
Armour
 c - a +0 buckler (worn)
 j - a +0 chain mail (worn)
 o - a +0 pair of boots (worn)
 p - a +0 helmet (worn)
 q - the +0 cloak of the Salamander {Dex+4}
   (You found it on level 6 of the Dungeon)

   Dex:       It affects your dexterity (+4).
Jewellery
 a - a +4 ring of protection (right hand)
 e - a ring of ice
 i - a ring of positive energy (left hand)
Scrolls
 f - 2 scrolls of teleportation
 k - 3 scrolls of identify
Potions
 d - 2 potions of might
 g - a potion of curing
 l - 2 potions of lignification
 m - a potion of haste
 n - a potion of resistance

Dungeon Overview and Level Annotations

Branches:
Dungeon (6/15)             Temple (0/1) D:4           Sewer (visited)

Altars:
Kikubaaqudgha
Uskayaw
Wu Jian
The Shining One

Shops:
D:4 *

Annotations:
D:6 Maggie


Message History

Maggie casts a spell.
Maggie attempts to bespell you!
You are mesmerised by Maggie!
You hit Maggie.
Maggie looks even sicker.
Maggie is lightly wounded.
Maggie hits you with a +0 long sword of flaming!
Maggie burns you.
You hit Maggie but do no damage.
Maggie is lightly wounded.
Maggie completely misses you.
You hit Maggie.
Maggie looks as sick as possible!
Maggie is lightly wounded.
Maggie gestures wildly while chanting.
Maggie draws you further into her thrall.
The iguana hisses menacingly.
You hit Maggie but do no damage.
Maggie looks as sick as possible!
Maggie is moderately wounded.
Maggie hits you with a +0 long sword of flaming.
Maggie burns you.
You slash Maggie!
Maggie is heavily wounded.
Maggie hits you with a +0 long sword of flaming.
Maggie burns you.
Maggie says, "Fear not.
I will immortalize you in the tale of my first kill."
Maggie hits you with a +0 long sword of flaming!
Maggie burns you.
The iguana bites you but does no damage.
5794 ||| READING 3 scrolls of teleportation.
As you read the scroll of teleportation, it crumbles to dust.
You feel strangely unstable.
Maggie casts a spell.
Maggie draws you further into her thrall.
The iguana barely misses you.
You slash Maggie!
Maggie looks as sick as possible!
Maggie is severely wounded.
You slash the iguana!
The iguana bites you but does no damage.
Maggie says, "Fear not.
I will immortalize you in the tale of my first kill."
Maggie hits you with a +0 long sword of flaming!
You die...

######## ########
#......#########.......
+.....@........'.......
###
#....@l#########.......
..+ #......# ########
.# #......# '##
#....!.# !.# #.......
..# ####.... ..# #....
..+


You could see Maggie (mesmerising, extremely poisoned) and an iguana.

Vanquished Creatures
  Pikel (D:5)
  Edmund (D:5)
  Menkaure (D:5)
  An ogre (D:6)
  4 lemures (D:5)
  Blork the orc (D:4)
  2 kobold brigands (Sewer)
  A scorpion (D:5)
  3 jellies
  2 orc priests (D:5)
  A hound (D:5)
  2 iguanas
  2 orc wizards (D:5)
  4 adders
  2 river rats
  A shadow imp (D:5)
  2 ufetubi (D:5)
  6 worms
  A dart slug (D:3)
  4 orcs
  11 endoplasms
  4 giant cockroaches
  13 goblins
  5 hobgoblins
  10 kobolds
  2 quokkas
  12 ball pythons
  2 bats
  3 frilled lizards (D:3)
  12 rats
116 creatures vanquished.

Notes
Turn   | Place    | Note
-------+----------+-------------------------------------------
     0 | D:1      | qw the Gargoyle Fighter began the quest for the Orb.
     0 | D:1      | Reached XP level 1. HP: 14/14 MP: 1/1
     0 | D:1      | 0 ||| qw: Version: 0.1-a-113-g051387a
     0 | D:1      | 0 ||| qw: Game counter: 7192
     0 | D:1      | 0 ||| qw: Always use a shield: true
     0 | D:1      | 0 ||| qw: God list: Okawaru
     0 | D:1      | 0 ||| qw: Allow faded altars: false
     0 | D:1      | 0 ||| qw: Do Orc after D:15 true
     0 | D:1      | 0 ||| qw: Do second Lair branch before Depths: true
     0 | D:1      | 0 ||| qw: Lair rune preference: random
     0 | D:1      | 0 ||| qw: Plans: Normal, Zot, God:TSO, Crypt, Tomb, Zig,
                  | Orb
     0 | D:1      | 0 ||| PLANNING D:1-11
    88 | D:1      | Reached skill level 2 in Axes
   472 | D:1      | Reached XP level 2. HP: 19/19 MP: 2/2
   894 | D:1      | 894 ||| DROPPING amulet of magic regeneration.
   895 | D:1      | 895 ||| READING scroll labelled AWULYCITIS.
   896 | D:1      | 896 ||| READING scroll labelled DEWAMU CORURAFOZ.
   897 | D:1      | 897 ||| READING scroll labelled FIUDDE PYVI.
   900 | D:1      | 900 ||| READING 2 scrolls labelled WOHEARR YKUJE.
  1337 | D:2      | Reached skill level 3 in Axes
  1369 | D:2      | 1369 ||| DROPPING +0 club.
  1395 | D:2      | Reached XP level 3. HP: 18/23 MP: 3/3
  1575 | D:2      | Found a faded altar of an unknown god.
  1771 | D:2      | 1771 ||| UPGRADING to +0 chain mail.
  1781 | D:2      | 1781 ||| DROPPING +0 scale mail.
  1782 | D:2      | 1782 ||| READING scroll labelled DAELYAWAGO.
  1783 | D:2      | 1783 ||| READING scroll labelled TOGIAPRUPAKH.
  1784 | D:2      | 1784 ||| DRINKING 3 fuming red potions.
  1800 | D:2      | 1800 ||| READING 2 scrolls of identify.
  1800 | D:2      | 1800 ||| IDENTIFYING amethyst potion
  1801 | D:2      | 1801 ||| DROPPING potion of brilliance.
  1819 | D:3      | 1819 ||| PLANNING SEWER
  1931 | D:3      | Found a glowing drain.
  1941 | D:3      | Reached XP level 4. HP: 19/28 MP: 4/4
  1945 | D:3      | Reached skill level 4 in Axes
  1947 | D:3      | 1947 ||| FLEEEEING.
  1948 | D:3      | 1948 ||| FLEEEEING.
  1949 | D:3      | 1949 ||| FLEEEEING.
  1950 | D:3      | 1950 ||| FLEEEEING.
  1951 | D:3      | 1951 ||| FLEEEEING.
  1952 | D:3      | 1952 ||| FLEEEEING.
  1953 | D:3      | 1953 ||| FLEEEEING.
  1954 | D:3      | 1954 ||| FLEEEEING.
  1955 | D:3      | 1955 ||| FLEEEEING.
  1960 | D:3      | 1960 ||| FLEEEEING.
  1961 | D:3      | 1961 ||| FLEEEEING.
  1962 | D:3      | 1962 ||| FLEEEEING.
  1963 | D:3      | 1963 ||| FLEEEEING.
  1964 | D:3      | 1964 ||| FLEEEEING.
  1965 | D:3      | 1965 ||| FLEEEEING.
  1966 | D:3      | 1966 ||| FLEEEEING.
  1969 | D:3      | 1969 ||| FLEEEEING.
  1977 | D:3      | 1977 ||| FLEEEEING.
  1978 | D:3      | 1978 ||| FLEEEEING.
  1979 | D:3      | 1979 ||| FLEEEEING.
  1980 | D:3      | 1980 ||| FLEEEEING.
  1981 | D:3      | 1981 ||| FLEEEEING.
  1982 | D:3      | 1982 ||| FLEEEEING.
  1983 | D:3      | 1983 ||| FLEEEEING.
  1984 | D:3      | 1984 ||| FLEEEEING.
  1996 | D:3      | 1996 ||| FLEEEEING.
  1997 | D:3      | 1997 ||| STAIRDANCE
  2147 | Sewer    | Entered a sewer
  2171 | Sewer    | Noticed a kobold brigand
  2183 | Sewer    | Killed a kobold brigand
  2184 | Sewer    | Reached XP level 5. HP: 28/32 MP: 5/5
  2417 | Sewer    | Reached skill level 5 in Axes
  2640 | Sewer    | Noticed a kobold brigand
  2647 | Sewer    | Killed a kobold brigand
  2648 | Sewer    | Reached XP level 6. HP: 38/39 MP: 6/6
  2685 | Sewer    | 2685 ||| Stepping ~*~*~tactically~*~*~ (water).
  2780 | Sewer    | 2780 ||| Stepping ~*~*~tactically~*~*~ (water).
  2812 | Sewer    | 2812 ||| READING scroll of enchant weapon.
  2812 | Sewer    | 2812 ||| ENCHANTING +1 war axe.
  2973 | Sewer    | 2973 ||| READING 2 scrolls labelled MIEJEI BUTWUOT.
  2974 | Sewer    | 2974 ||| READING scroll of brand weapon.
  2974 | Sewer    | 2974 ||| BRANDING +2 war axe of draining.
  2995 | D:3      | 2995 ||| PLANNING D:1-11
  3300 | D:3      | 3300 ||| Stepping ~*~*~tactically~*~*~ (hiding).
  3417 | D:3      | 3417 ||| READING scroll labelled DEVUPSUEQA.
  3418 | D:3      | 3418 ||| READING 2 scrolls of identify.
  3418 | D:3      | 3418 ||| IDENTIFYING golden potion
  3452 | D:4      | 3452 ||| STAIRDANCE
  3513 | D:4      | 3513 ||| Stepping ~*~*~tactically~*~*~ (stealth).
  3673 | D:4      | Noticed Blork the orc
  3674 | D:4      | 3674 ||| Stepping ~*~*~tactically~*~*~ (hiding).
  3685 | D:4      | Killed Blork the orc
  3786 | D:4      | Found Kofroene's Assorted Antiques.
  3794 | D:4      | 3794 ||| SHOPLISTING crude scale mail (216 gold, have 166).
  3794 | D:4      | 3794 ||| BUYING scroll labelled GAEWOED UCSY (24 gold).
  3794 | D:4      | Bought a scroll labelled GAEWOED UCSY for 24 gold pieces
  3794 | D:4      | 3794 ||| SHOPLISTING scroll of blinking (180 gold, have
                  | 142).
  3987 | D:4      | Found a staircase to the Ecumenical Temple.
  4065 | D:4      | 4065 ||| UPGRADING to +0 pair of boots.
  4070 | D:4      | 4070 ||| UPGRADING to +0 helmet.
  4075 | D:4      | 4075 ||| UPGRADING to ring of positive energy.
  4076 | D:4      | 4076 ||| READING scroll labelled KUGYCW XUTHUSE.
  4177 | D:4      | 4177 ||| READING scroll labelled GAEWOED UCSY.
  4178 | D:4      | 4178 ||| DRINKING 2 bubbling green potions.
  4211 | D:5      | Entered Level 5 of the Dungeon
  4216 | D:5      | 4216 ||| STAIRDANCE
  4307 | D:5      | 4307 ||| DROPPING +1 whip of venom.
  4337 | D:5      | Reached skill level 6 in Axes
  4337 | D:5      | 4337 ||| FLEEEEING.
  4393 | D:5      | 4393 ||| Stepping ~*~*~tactically~*~*~ (stealth).
  4431 | D:5      | Reached skill level 1 in Dodging
  4431 | D:5      | Reached XP level 7. HP: 41/44 MP: 7/7
  4589 | D:5      | Found an ancient bone altar of Kikubaaqudgha.
  4609 | D:5      | Noticed Pikel
  4610 | D:5      | 4610 ||| FLEEEEING.
  4619 | D:5      | 4619 ||| STAIRDANCE
  4675 | D:4      | 4675 ||| UPGRADING to +4 ring of protection.
  4676 | D:4      | 4676 ||| READING 5 scrolls of identify.
  4676 | D:4      | 4676 ||| IDENTIFYING cyan potion
  4677 | D:4      | 4677 ||| DROPPING potion of berserk rage.
  4698 | D:5      | HP: 11/44 [Pikel/+2 whip of flaming (6)]
  4699 | D:5      | 4699 ||| READING 4 scrolls of teleportation.
  4701 | D:5      | Noticed Menkaure
  4718 | D:5      | Killed Pikel
  4719 | D:5      | Reached skill level 8 in Axes
  4719 | D:5      | Reached XP level 8. HP: 13/48 MP: 8/8
  5016 | D:5      | 5016 ||| Stepping ~*~*~tactically~*~*~ (stealth).
  5018 | D:5      | 5018 ||| Stepping ~*~*~tactically~*~*~ (hiding).
  5019 | D:5      | 5019 ||| Stepping ~*~*~tactically~*~*~ (hiding).
  5136 | D:5      | Noticed Edmund
  5149 | D:5      | Killed Edmund
  5249 | D:5      | 5249 ||| DROPPING +0 flail.
  5299 | D:5      | Reached skill level 1 in Throwing
  5303 | D:5      | Killed Menkaure
  5441 | D:5      | You fall into a shaft and drop 1 floor!
  5485 | D:6      | Reached skill level 6 in Fighting
  5493 | D:6      | 5493 ||| DRINKING 2 puce potions.
  5494 | D:6      | 5494 ||| READING 4 scrolls of identify.
  5494 | D:6      | 5494 ||| IDENTIFYING brown potion
  5495 | D:6      | 5495 ||| DROPPING potion of magic.
  5529 | D:5      | Found an ornate altar of the Wu Jian Council.
  5531 | D:5      | Found a hide-covered altar of Uskayaw.
  5531 | D:5      | Found a glowing golden altar of the Shining One.
  5782 | D:6      | Identified the +0 cloak of the Salamander {Dex+4}
  5784 | D:6      | Noticed Maggie
  5793 | D:6      | HP: 9/51 [Maggie/+0 long sword of flaming (5)]
  5794 | D:6      | 5794 ||| READING 3 scrolls of teleportation.
  5795 | D:6      | Slain by Maggie

Levels and vault maps discovered:
D:1:      minmay_arrival_three_doors, layout_loops_corners
D:2:      layout_loops_ring, dreamdust_ecumenical_altar_statues
D:3:      layout_basic, portal_sewer_entry_a
D:4:      layout_rooms, minmay_temple_entry_glassed_door, serial_shops,
          nicolae_shop_statue_plus, uniq_blork_the_orc
D:5:      layout_gridville, chequers_temple_overflow_statue_of_worship,
          uniq_menkaure, uniq_pikel, uniq_edmund
D:6:      layout_basic, minmay_misc_feat_encased, minmay_ogre_servants,
          uniq_maggie, uniq_grinder

Skill      XL: |  1  2  3  4  5  6  7  8 |
---------------+-------------------------+-----
Axes           | 2 3 4 5 6 8 |  8.2
Fighting       | 4 6 |  6.1
Dodging        | 1 |  1.2
Throwing       | 1 |  1.6
Armour         | 4 |  4.3
Shields        | |  3.2

Action                   |  1- 3 |  4- 6 |  7- 9 || total
-------------------------+-------+-------+-------++-------
Melee: War axe           |    81 |   117 |    88 ||   286
Throw: Boomerang         |    35 |    32 |    16 ||    83
  Use: Scroll            |     7 |     7 |     4 ||    18
       Potion            |     1 |     1 |     1 ||     3
Armor: Scale mail        |    21 |       |       ||    21
       Chain mail        |     4 |    61 |    43 ||   108
Dodge: Dodged            |    32 |    37 |    25 ||    94
Block: Buckler           |     4 |    17 |    12 ||    33

Table legend:
 A = Non-vault XP
 B = Vault XP
 C = Vault XP percentage of total XP
 D = Non-vault monster count
 E = Vault monster count
 F = Vault count percentage of total count
                 A         B        C        D         E       F
            +---------+---------+-------+---------+---------+-------
      Total |     641 |    1514 |  70.3 |      65 |      47 |  42.0
            +---------+---------+-------+---------+---------+-------
        D:1 |      17 |       0 |   0.0 |      10 |       0 |   0.0
        D:2 |      47 |       0 |   0.0 |      20 |       0 |   0.0
        D:3 |      30 |      22 |  42.3 |      15 |       6 |  28.6
        D:4 |      87 |     103 |  54.2 |       4 |       1 |  20.0
        D:5 |     415 |     977 |  70.2 |      15 |       3 |  16.7
        D:6 |      45 |     138 |  75.4 |       1 |       9 |  90.0
      Sewer |       0 |     274 | 100.0 |       0 |      28 | 100.0
            +---------+---------+-------+---------+---------+-------
